 Seeded DCSS version 0.30-b1-5-g8e6c1be481 (webtiles) character file.

Game seed: 6655897841177275560 (custom seed)

152 Hubris850 the Chiller (level 5, 0/35 HPs)
             Began as a Merfolk Ice Elementalist on May 3, 2023.
             Slain by Terence
             ... wielding a +0 flail
              (5 damage)
             ... on level 2 of the Dungeon.
             The game lasted 00:07:12 (1991 turns).

Hubris850 the Chiller (Merfolk Ice Elementalist)    Turns: 1991, Time: 00:07:14

Health: 0/35       AC:  2    Str: 10    XL:     5   Next: 34%
Magic:  8/8        EV: 13    Int: 17    God:
Gold:   83         SH:  5    Dex: 20    Spells: 1/8 levels left

rFire   . . .        k - +6 scimitar of Kismet {chaos, Int+2 Dex+6}
rCold   . . .        f - +0 buckler
rNeg    . . .        a - +0 robe
rPois   .            (no helmet)
rElec   .            (no cloak)
rCorr   .            (no gloves)
SInv    .            (no boots)
Will    .....        (no amulet)
Stlth   +++          (no ring)
HPRegen 0.25/turn    (no ring)
MPRegen 0.11/turn

%: no passive effects
@: no status effects
A: (nimble swimmer 2), mertail
a: no special abilities


You were on level 2 of the Dungeon.
You visited 1 branch of the dungeon, and saw 2 of its levels.

You collected 103 gold pieces.
You spent 20 gold pieces at shops.

Inventory:

Hand Weapons
 d - a +0 short sword
 e - a +0 falchion
 k - the +6 scimitar of Kismet (weapon) {chaos, Int+2 Dex+6}
   (You took it off a kobold on level 2 of the Dungeon)

   Int:       It affects your intelligence (+2).
   Dex:       It affects your dexterity (+6).
Missiles
 j - 5 silver boomerangs
Armour
 a - a +0 robe (worn)
 f - a +0 buckler (worn)
Magical Staves
 i - a staff of cold
Scrolls
 c - 2 scrolls of identify
 h - a scroll of fear {unknown}
 l - a scroll of poison {unknown}
 n - a scroll of brand weapon {unknown}
Potions
 b - a potion of magic
 g - 2 potions of flight
 m - a potion of degeneration {unknown}


   Skills:
 + Level 3.6 Long Blades
 - Level 3.2 Dodging
 - Level 3.0 Stealth
 + Level 2.8 Shields
 - Level 2.0 Spellcasting
 - Level 4.4 Ice Magic


You had one spell level left.
You knew the following spells:

 Your Spells              Type           Power      Damage    Failure   Level
a - Freeze                Ice            64%        1d7       4%          1
b - Frozen Ramparts       Ice            32%        1d5       14%         3
c - Ozocubu's Armour      Ice            16%        N/A       14%         3

Your spell library contained the following spells:

 Spells                   Type           Power      Damage    Failure   Level
 Blink                    Tloc           2%         N/A       38%         2
 Lesser Beckoning         Tloc           2%         N/A       38%         2
 Momentum Strike          Conj/Tloc      2%         3d8       38%         2
 Summon Ice Beast         Ice/Summ       9%         N/A       75%         4


Dungeon Overview and Level Annotations

Branches:
Dungeon (2/15)

Altars:

Shops:
D:1 ?

Annotations:
D:2 Terence


Innate Abilities, Weirdness & Mutations

((You are very nimble when in or above water. (Stealth+, EV+, Speed+++)))
Your lower body shifts to a powerful aquatic tail in water.


Message History

You slash Natasha!
You kill Natasha!
Natasha screams in fury as she dies!
You swap places.
You open the door. 3 gnolls come into view.
Found a scroll labelled YVUMME JOOC.
Found an emerald potion.
The gnoll shouts!
There is an open door here.
You block the gnoll's attack.
Terence the Incautious comes into view.
He is wielding a +0 flail.
You closely miss the gnoll. You block the gnoll's attack.
You closely miss the gnoll. The gnoll closely misses you.
You hit the gnoll. You freeze the gnoll.
The gnoll is heavily wounded.
The gnoll hits you with a +0 spear.
Your kobold zombie hits the gnoll but does no damage.
The gnoll misses you.
You hit the gnoll. You drain the gnoll.
The gnoll is heavily wounded.
Your kobold zombie closely misses the gnoll.
The gnoll hits you from afar with a +0 spear.
The gnoll hits you with a +0 whip.
The gnoll hits your kobold zombie with a +0 whip!
Your kobold zombie is destroyed!
You slash the gnoll!
You kill the gnoll!
The gnoll throws a throwing net.
The throwing net closely misses you.
You hit Terence but do no damage. The gnoll barely misses you.
Terence closely misses you. You block the gnoll's attack.
You barely miss Terence. The gnoll hits you with a +0 whip! Terence misses you.
You block the gnoll's attack.
You slash Terence!
Terence is almost dead.
Terence closely misses you. The gnoll hits you with a +0 whip!
The gnoll hits you from afar with a +0 spear!
* * * LOW HITPOINT WARNING * * *
You block the gnoll's attack. Terence hits you with a +0 flail.
You die...

...#.# #......#
†..#.####......#!.......
...............#........
...#.###.......#........
.[.#..<#..#.####........
...######.#.# #........
..........#Z# #........
.#######..#.####?.......
.# #.....#(...'@@g.....
.# #.##.#######g.......
.# #.##.# #########
.####.##.# ......##.#
########.# #.# .#


You could see Terence and 2 gnolls.

Vanquished Creatures
  Natasha (twice) (D:2)
  2 gnolls
  An adder (D:2)
  A worm (D:2)
  3 dart slugs (D:1)
  3 orcs (D:2)
  An endoplasm (D:1)
  A giant cockroach (D:2)
  3 goblins
  4 hobgoblins
  7 jackals (D:1)
  10 kobolds
  7 quokkas
  7 ball pythons
  3 frilled lizards (D:1)
  5 rats
60 creatures vanquished.

Vanquished Creatures (others)
  A kobold zombie (D:2)
1 creature vanquished.

Grand Total: 61 creatures vanquished

Notes
Turn   | Place    | Note
-------+----------+-------------------------------------------
     0 | D:1      | Hubris850 the Merfolk Ice Elementalist began the quest for
                  | the Orb.
     0 | D:1      | Reached XP level 1. HP: 13/13 MP: 3/3
   126 | D:1      | Reached XP level 2. HP: 15/19 MP: 5/5
   249 | D:1      | Reached skill level 1 in Long Blades
   347 | D:1      | Reached XP level 3. HP: 19/24 MP: 1/6
   562 | D:1      | Reached skill level 1 in Shields
   760 | D:1      | Learned a level 3 spell: Frozen Ramparts
   852 | D:1      | Found Hazxo's Magic Scroll Shoppe.
   858 | D:1      | Bought a scroll of identify for 20 gold pieces
  1113 | D:1      | Found a faded altar of an unknown god.
  1295 | D:2      | Reached XP level 4. HP: 20/30 MP: 7/7
  1352 | D:2      | Learned a level 3 spell: Ozocubu's Armour
  1437 | D:2      | Identified the +6 scimitar of Kismet {chaos, Int+2 Dex+6}
  1687 | D:2      | Noticed Natasha
  1698 | D:2      | Killed Natasha
  1859 | D:2      | Reached XP level 5. HP: 35/35 MP: 8/8
  1891 | D:2      | Noticed Natasha
  1909 | D:2      | Killed Natasha
  1983 | D:2      | Noticed Terence
  1991 | D:2      | Slain by Terence

Illustrated notes

Levels and vault maps discovered:
D:1:      minmay_arrival_cross, layout_basic, hellmonk_ecumenical_altar_zigzags,
          serial_shops, nicolae_shop_rolled_up, serial_corexii_hall,
          corexii_hall_statues_deadend, corexii_hall_statues_t
D:2:      layout_basic, uniq_terence, uniq_natasha

Skill      XL: |  1  2  3  4 |
---------------+-------------+-----
Dodging        | 3 |  3.2
Long Blades    | 1 2 3 |  3.6
Stealth        | 3 |  3.0
Shields        | 1 2 |  2.8
Spellcasting   | |  2.0
Ice Magic      | |  4.4

Action                     |  1- 3 |  4- 6 || total
---------------------------+-------+-------++-------
  Melee: Short sword       |    13 |       ||    13
         Unarmed           |    10 |       ||    10
         Falchion          |   102 |     2 ||   104
         Scimitar          |       |    44 ||    44
   Cast: Freeze            |     9 |       ||     9
         Frozen Ramparts   |       |     1 ||     1
    Use: Scroll            |     2 |       ||     2
   Stab: Sleeping          |     5 |     3 ||     8
 Armour: Robe              |    17 |     8 ||    25
  Dodge: Dodged            |    85 |    28 ||   113
  Block: Buckler           |    27 |    16 ||    43
